 Dungeon Crawl Stone Soup version 0.19.4 (webtiles) character file.

1498 bosm the Sneak (level 9, -2/53 HPs)
             Began as a Kobold Hunter on Feb 5, 2017.
             Was a Follower of Uskayaw.
             Slain by a wyvern zombie (10 damage)
             ... on level 6 of the Dungeon.
             The game lasted 00:12:35 (4335 turns).

bosm the Sneak (Kobold Hunter)                      Turns: 4335, Time: 00:12:35

Health: -2/53      AC:  8    Str: 10    XL:     9   Next: 8%
Magic:  10/10      EV: 16    Int: 12    God:    Uskayaw [*.....]
Gold:   287        SH:  0    Dex: 18    Spells: 2 memorised, 4 levels left

rFire  . . .     SeeInvis .     w - +4 dagger
rCold  . . .     Gourm    .     m - +0 ring mail
rNeg   . . .     Faith    .     (shield restricted)
rPois  .         Spirit   .     (no helmet)
rElec  .         Reflect  .     o - +0 cloak (curse)
rCorr  .         Harm     .     (no gloves)
MR     .....                    r - +1 pair of boots
Stlth  +++.......               l - amulet of regeneration
                                (no ring)
                                (no ring)

@: no status effects
A: carnivore 3
a: Stomp, Renounce Religion


You were on level 6 of the Dungeon.
You worshipped Uskayaw.
Uskayaw was noncommittal.
You were very full.

You visited 2 branches of the dungeon, and saw 7 of its levels.

You collected 287 gold pieces.

Inventory:

Hand Weapons
 a - a +2 hand crossbow
 w - a +4 dagger (weapon)
Missiles
 d - 26 bolts
Armour
 m - a +0 ring mail (worn)
 o - a cursed +0 cloak (worn)
 r - a +1 pair of boots (worn)
Jewellery
 b - an uncursed ring of protection from cold {unknown}
 l - an amulet of regeneration (around neck)
 p - an uncursed ring of fire
Scrolls
 e - 4 scrolls of remove curse
 s - 2 scrolls of amnesia
 t - 2 scrolls of identify {unknown}
Potions
 i - a potion of cancellation
Books
 c - a book of Misfortune

   Spells                             Type                      Level
   a - Confusing Touch                Hexes                        1
   b - Confuse                        Hexes                        3
   c - Gell's Gravitas                Hexes/Translocation          3
   d - Petrify                        Transmutation/Earth          4
   e - Metabolic Englaciation         Hexes/Ice                    5
   f - Yara's Violent Unravelling     Hexes/Transmutation          5
 g - a book of Cantrips

   Spells                             Type                      Level
   a - Confusing Touch                Hexes                        1
   b - Animate Skeleton               Necromancy                   1
   c - Summon Small Mammal            Summoning                    1
   d - Apportation                    Translocation                1
 k - a book of Changes

   Spells                             Type                      Level
   a - Beastly Appendage              Transmutation                1
   b - Sticks to Snakes               Transmutation                2
   c - Spider Form                    Transmutation/Poison         3
   d - Ice Form                       Ice/Transmutation            4
   e - Blade Hands                    Transmutation                5
Comestibles
 f - 2 meat rations
 h - a royal jelly
 q - a slice of pizza


   Skills:
 + Level 4.9 Fighting
 * Level 6.7 Short Blades
 + Level 6.5 Crossbows
 + Level 5.5 Dodging
 * Level 7.9 Stealth
 + Level 2.5 Invocations


You had 4 spell levels left.
You knew the following spells:

 Your Spells              Type           Power        Failure   Level  Hunger
d - Confuse               Hex            #.......     99%         3    ####...
q - Apportation           Tloc           #.........   83%         1    ##.....


Dungeon Overview and Level Annotations

Branches:
Dungeon (6/15)             Temple (1/1) D:4

Altars:
Ashenzari
Cheibriados
Dithmenos
Elyvilon
Fedhas
Gozag
Kikubaaqudgha
Nemelex Xobeh
Okawaru
Qazlal
Ru
Trog
Uskayaw
Vehumet
Xom
Yredelemnul
The Shining One


Innate Abilities, Weirdness & Mutations

You are small and have problems with some larger weapons.
You are carnivorous and can eat meat at any time.


Message History

The wyvern zombie is heavily damaged.
The wyvern zombie bites you!
You hit the wyvern zombie.
The wyvern zombie is severely damaged.
The wyvern zombie closely misses you.
You hit the wyvern zombie.
The wyvern zombie is severely damaged.
You hit the wyvern zombie.
The wyvern zombie is severely damaged.
The wyvern zombie bites you!
* * * LOW HITPOINT WARNING * * *
You are too injured to fight recklessly!
You hit the wyvern zombie but do no damage.
The wyvern zombie is severely damaged.
The wyvern zombie completely misses you.
You are too injured to fight recklessly!
You puncture the wyvern zombie!
The wyvern zombie is almost destroyed.
The wyvern zombie bites you!
You die...

##...##))##....##..#.....
+.....<..##....##..#.....
##...##..##.....#..#.....
#...######.....#..#.....
.....+..........#..#.....
.......#...##'#####..#.....
#####+###..##....# #.....
#..###..##...<+
.......@......#
......Z.......#
..............#
#..##...##....# #.
#...##....# . +...........#
#...........# ####.# .....#


You could see a wyvern zombie.

Vanquished Creatures
  Grinder (D:3)
  The ghost of bosm the Bolt Thrower, an amateur KoHu (D:4)
  The ghost of Stiffzip the Magician, an amateur DECj (D:5)
  A hungry ghost (D:3)
  Menkaure (D:6)
  A sky beast (D:4)
  The ghost of Feta the Conjurer, an amateur TeCj (D:3)
  A scorpion (D:5)
  Crazy Yiuf (D:3)
  A jelly (D:5)
  A centaur skeleton (D:4)
  An orc priest (D:3)
  3 orc wizards
  An iguana (D:6)
  A worker ant (D:4)
  A hound zombie (D:5)
  A worker ant zombie (D:5)
  11 gnolls
  5 adders
  2 dart slugs (D:1)
  4 leopard geckos
  An orc (D:3)
  4 giant cockroaches
  13 goblins
  13 hobgoblins
  2 jackals (D:2)
  4 kobolds
  A ball python (D:4)
  9 bats
  4 frilled lizards
  A quokka skeleton (D:4)
  4 rats
97 creatures vanquished.

Notes
Turn   | Place    | Note
-------+----------+-------------------------------------------
     0 | D:1      | bosm the Kobold Hunter began the quest for the Orb.
     0 | D:1      | Reached XP level 1. HP: 12/12 MP: 1/1
    48 | D:1      | Reached skill level 1 in Short Blades
    59 | D:1      | Reached XP level 2. HP: 18/18 MP: 2/2
   317 | D:1      | Reached skill level 5 in Crossbows
   317 | D:1      | Reached XP level 3. HP: 22/22 MP: 3/3
   374 | D:1      | Reached skill level 2 in Stealth
   866 | D:2      | Found a faded altar of an unknown god.
   877 | D:2      | Reached XP level 4. HP: 24/27 MP: 4/4
  1067 | D:2      | Found a stormy altar of Qazlal.
  1253 | D:3      | Found a runed door.
  1259 | D:3      | Noticed Crazy Yiuf
  1262 | D:3      | Killed Crazy Yiuf
  1262 | D:3      | Reached skill level 3 in Stealth
  1376 | D:3      | Reached XP level 5. HP: 21/32 MP: 5/5
  1494 | D:3      | Noticed a hungry ghost
  1512 | D:3      | Killed a hungry ghost
  1512 | D:3      | Reached skill level 4 in Stealth
  1512 | D:3      | Reached XP level 6. HP: 34/37 MP: 6/6
  1630 | D:3      | Noticed Feta's ghost (amateur TeCj)
  1648 | D:3      | Killed Feta's ghost
  1648 | D:3      | Reached XP level 7. HP: 41/41 MP: 7/7
  1674 | D:3      | Noticed Grinder
  1682 | D:3      | Paralysed by Grinder for 3 turns
  1693 | D:3      | HP: 1/41 [Grinder/nerve-wracking pain (10)]
  1708 | D:3      | Found a blossoming altar of Fedhas.
  1932 | D:4      | Noticed bosm's ghost (amateur KoHu)
  2044 | D:4      | Reached skill level 5 in Stealth
  2063 | D:4      | Learned a level 1 spell: Apportation
  2067 | D:4      | Learned a level 3 spell: Confuse
  2261 | D:4      | Found a staircase to the Ecumenical Temple.
  2267 | Temple   | Entered the Ecumenical Temple
  2295 | Temple   | Became a worshipper of Uskayaw the Reveler
  2576 | D:4      | Reached * piety under Uskayaw
  2581 | D:4      | Reached ** piety under Uskayaw
  2582 | D:4      | Reached skill level 5 in Short Blades
  2915 | D:3      | Paralysed by Grinder for 7 turns
  2935 | D:3      | Paralysed by Grinder for 4 turns
  2953 | D:3      | Reached *** piety under Uskayaw
  2963 | D:3      | Killed Grinder
  2963 | D:3      | Reached skill level 6 in Stealth
  2963 | D:3      | Reached skill level 1 in Invocations
  2963 | D:3      | Reached XP level 8. HP: 16/48 MP: 8/8
  3456 | D:4      | Killed bosm's ghost
  3528 | D:5      | Entered Level 5 of the Dungeon
  3531 | D:5      | Reached skill level 5 in Dodging
  3678 | D:5      | Noticed Stiffzip's ghost (amateur DECj)
  3766 | D:5      | Reached skill level 7 in Stealth
  4075 | D:5      | Killed Stiffzip's ghost
  4190 | D:6      | Reached **** piety under Uskayaw
  4233 | D:6      | Noticed Menkaure
  4248 | D:6      | Killed Menkaure
  4248 | D:6      | Reached XP level 9. HP: 36/53 MP: 10/10
  4335 | D:6      | Slain by a wyvern zombie

Skill      XL: |  1  2  3  4  5  6  7  8 |
---------------+-------------------------+-----
Short Blades   | 1 2 3 4 5 6 |  6.7
Crossbows      | 5 6 |  6.5
Stealth        | 2 3 4 6 7 |  7.9
Dodging        | 3 4 5 |  5.5
Fighting       | 3 4 |  4.9
Invocations    | 1 2 |  2.5

Action                   |  1- 3 |  4- 6 |  7- 9 || total
-------------------------+-------+-------+-------++-------
Melee: Dagger            |    32 |    81 |   178 ||   291
       Short sword       |     9 |       |       ||     9
 Fire: Hand crossbow     |    42 |    21 |    39 ||   102
  Use: Scroll            |     3 |     2 |     5 ||    10
       Potion            |       |     3 |     6 ||     9
 Stab: Sleeping          |       |     1 |     6 ||     7
       Paralysed         |       |       |     3 ||     3
  Eat: Chunk             |     8 |     6 |    13 ||    27
Armor: Leather armour    |     3 |       |       ||     3
       Ring mail         |    17 |    34 |    36 ||    87
       Skin              |       |     4 |       ||     4
Dodge: Dodged            |    38 |    97 |    81 ||   216
